SA
YELLOWKNIFE DRAGONBLOOD @ SYRACUSE STORM
06/17/2031
 
TOP OF THE 1ST
Yellowknife Dragonblood batting - Pitching for Syracuse Storm : LHP Onson Sweemey
Pitching: LHP Onson Sweemey
Batting: RHB Gonzalo Vásquez 0-0: Called Strike
0-1: Foul Ball, location: 2F
0-2: Ball
1-2: Fly out, F9 (Flyball, 89S)
Batting: SHB Jim Dunleavy 0-0: Ball
1-0: Ground out 5-3 (Groundball, 56S)
Batting: RHB Víctor Murguia 0-0: Ball
1-0: Swinging Strike
1-1: Called Strike
1-2: Ball
2-2: Ball
3-2: Strikes out swinging
Top of the 1st over - 0 runs, 0 hits, 0 errors, 0 left on base; Yellowknife 0 - Syracuse 0
BOTTOM OF THE 1ST
Syracuse Storm batting - Pitching for Yellowknife Dragonblood : RHP Evan Groenevelt
Pitching: RHP Evan Groenevelt
Batting: SHB Franck Kooijmans 0-0: Called Strike
0-1: Ball
1-1: Ball
2-1: Ball
3-1: Called Strike
3-2: SINGLE (Line Drive, 8LS)
Batting: RHB José García 0-0: Ball
1-0: SINGLE (Groundball, 34D)
Franck Kooijmans to second
Runner from 2nd tries for 3rd, SAFE, throw made at trailing runner, OUT!
Batting: RHB Vince Staples 0-0: SINGLE (Flyball, 8RS)
Franck Kooijmans scores
Batting: LHB Bora Garasanin 0-0: Ball
1-0: Foul Ball, location: 2F
1-1: Ball
2-1: DOUBLE (Flyball, 8RXD)
Vince Staples to third
Runner from 3rd tries for Home, SAFE, no throw
Pinch Runner at 2nd Sylvester Robinson:
Batting: LHB Gidde Collin 0-0: Called Strike
0-1: Foul Ball, location: 2F
0-2: SINGLE (Groundball, 34D)
Sylvester Robinson to third
Batting: LHB Rafael Longoria 0-0: Ball
1-0: Foul Ball, location: 2F
1-1: SINGLE (Line Drive, 9S)
Sylvester Robinson scores
Gidde Collin to second
Batting: RHB Javier Sandoval 0-0: Called Strike
0-1: Ground out 5-3 (Groundball, 56S)
Gidde Collin to third
Rafael Longoria to second
Batting: RHB Juan Perales 0-0: Ball
1-0: Ground out 6-3 (Groundball, 6)
Bottom of the 1st over - 3 runs, 6 hits, 0 errors, 2 left on base; Yellowknife 0 - Syracuse 3
TOP OF THE 2ND
Yellowknife Dragonblood batting - Pitching for Syracuse Storm : LHP Onson Sweemey
Now in LF: Sylvester Robinson
Batting: RHB Melvin Thomas 0-0: Called Strike
0-1: Ball
1-1: Called Strike
1-2: Fly out, F9 (Flyball, 89M)
Batting: SHB Lai-hsiang Loh 0-0: Ground out 1-3 (Groundball, 13)
Batting: RHB Craig Greene 0-0: Ball
1-0: Ball
2-0: Foul Ball, location: 2F
2-1: Fly out, F7 (Line Drive, 78M)
Top of the 2nd over - 0 runs, 0 hits, 0 errors, 0 left on base; Yellowknife 0 - Syracuse 3
BOTTOM OF THE 2ND
Syracuse Storm batting - Pitching for Yellowknife Dragonblood : RHP Evan Groenevelt
Batting: RHB Sadakuno Hashimoto 0-0: Called Strike
0-1: Ball
1-1: Ground out 6-3 (Groundball, 6)
Batting: SHB Franck Kooijmans 0-0: Fly out, F7 (Flyball, 7)
Batting: RHB José García 0-0: Ball
1-0: Foul Ball, location: 2F
1-1: Ball
2-1: Ball
3-1: Called Strike
3-2: SINGLE (Groundball, 56D)
Batting: RHB Vince Staples 0-0: Called Strike
0-1: Ball
1-1: Foul Ball, location: 2F
1-2: Ball
2-2: Foul Ball, location: 2F
2-2: Ball
3-2: Foul Ball, location: 2F
3-2: Base on Balls
José García to second
Batting: RHB Sylvester Robinson 0-0: Called Strike
0-1: Fielders Choice at 2nd, 6-4 (Groundball, 6)
Bottom of the 2nd over - 0 runs, 1 hit, 0 errors, 2 left on base; Yellowknife 0 - Syracuse 3
TOP OF THE 3RD
Yellowknife Dragonblood batting - Pitching for Syracuse Storm : LHP Onson Sweemey
Batting: RHB Andy Garnet 0-0: Ball
1-0: Ball
2-0: Ball
3-0: Called Strike
3-1: Foul Ball, location: 2F
3-2: Fly out, F3 (Popup, 34S)
Batting: LHB Takahiro Suzuki 0-0: Ball
1-0: Called Strike
1-1: Swinging Strike
1-2: Foul Ball, location: 2F
1-2: Strikes out looking
Batting: RHB Fernando González 0-0: Ball
1-0: Swinging Strike
1-1: Swinging Strike
1-2: Ball
2-2: Strikes out swinging
Top of the 3rd over - 0 runs, 0 hits, 0 errors, 0 left on base; Yellowknife 0 - Syracuse 3
BOTTOM OF THE 3RD
Syracuse Storm batting - Pitching for Yellowknife Dragonblood : RHP Evan Groenevelt
Batting: LHB Gidde Collin 0-0: Ball
1-0: Foul Ball, location: 2F
1-1: Ball
2-1: Ball
3-1: Base on Balls
Batting: LHB Rafael Longoria 0-0: Ball
1-0: Called Strike
1-1: Called Strike
1-2: Foul Ball, location: 2F
1-2: Foul Ball, location: 2F
1-2: Ball
2-2: Grounds into double play, 4-6-3 (Groundball, 4)
Batting: RHB Javier Sandoval 0-0: Ball
1-0: Ball
2-0: Fly out, F3 (Popup, 3SF)
Bottom of the 3rd over - 0 runs, 0 hits, 0 errors, 0 left on base; Yellowknife 0 - Syracuse 3
TOP OF THE 4TH
Yellowknife Dragonblood batting - Pitching for Syracuse Storm : LHP Onson Sweemey
Batting: RHB Gonzalo Vásquez 0-0: Bunt for hit - play at first, batter OUT! 1-3
Batting: SHB Jim Dunleavy 0-0: Ground out 6-3 (Groundball, 6M)
Batting: RHB Víctor Murguia 0-0: Called Strike
0-1: Ball
1-1: Ball
2-1: Swinging Strike
2-2: Ground out U3 (Groundball, 3)
Top of the 4th over - 0 runs, 0 hits, 0 errors, 0 left on base; Yellowknife 0 - Syracuse 3
BOTTOM OF THE 4TH
Syracuse Storm batting - Pitching for Yellowknife Dragonblood : RHP Evan Groenevelt
Batting: RHB Juan Perales 0-0: Ball
1-0: Ball
2-0: Ball
3-0: Called Strike
3-1: Foul Ball, location: 2F
3-2: Foul Ball, location: 2F
3-2: Base on Balls
Batting: RHB Sadakuno Hashimoto 0-0: Called Strike
0-1: Ground out 5-3 (Groundball, 5S)
Juan Perales to second
Batting: SHB Franck Kooijmans 0-0: Ground out 1-3 (Groundball, 13S)
Juan Perales to third
Batting: RHB José García 0-0: Fly out, F8 (Flyball, 8RD)
Bottom of the 4th over - 0 runs, 0 hits, 0 errors, 1 left on base; Yellowknife 0 - Syracuse 3
TOP OF THE 5TH
Yellowknife Dragonblood batting - Pitching for Syracuse Storm : LHP Onson Sweemey
Batting: RHB Melvin Thomas 0-0: Foul Ball, location: 2F
0-1: Ball
1-1: Ball
2-1: Ground out 3-1 (Groundball, 34S)
Batting: SHB Lai-hsiang Loh 0-0: Fly out, F7 (Flyball, 7S)
Batting: RHB Craig Greene 0-0: Called Strike
0-1: Called Strike
0-2: Foul Ball, location: 2F
0-2: Ground out 5-3 (Groundball, 56)
Top of the 5th over - 0 runs, 0 hits, 0 errors, 0 left on base; Yellowknife 0 - Syracuse 3
BOTTOM OF THE 5TH
Syracuse Storm batting - Pitching for Yellowknife Dragonblood : RHP Evan Groenevelt
Batting: RHB Vince Staples 0-0: Ball
1-0: Ball
2-0: Swinging Strike
2-1: Foul Ball, location: 2F
2-2: Foul Ball, location: 2F
2-2: Ball
3-2: Foul Ball, location: 2F
3-2: Ground out U3 (Groundball, 3)
Batting: RHB Sylvester Robinson 0-0: Ball
1-0: Ball
2-0: Called Strike
2-1: Ball
3-1: Foul Ball, location: 2F
3-2: Ground out U3 (Groundball, 34)
Batting: LHB Gidde Collin 0-0: Ball
1-0: Ground out 4-3 (Groundball, 4)
Bottom of the 5th over - 0 runs, 0 hits, 0 errors, 0 left on base; Yellowknife 0 - Syracuse 3
TOP OF THE 6TH
Yellowknife Dragonblood batting - Pitching for Syracuse Storm : LHP Onson Sweemey
Batting: RHB Andy Garnet 0-0: Ball
1-0: Ground out 3-1 (Groundball, 34S)
Batting: LHB Takahiro Suzuki 0-0: Ball
1-0: Called Strike
1-1: Ball
2-1: Swinging Strike
2-2: Foul Ball, location: 2F
2-2: Fly out, F7 (Flyball, 7)
Batting: RHB Fernando González 0-0: Ground out 6-3 (Groundball, 6)
Top of the 6th over - 0 runs, 0 hits, 0 errors, 0 left on base; Yellowknife 0 - Syracuse 3
BOTTOM OF THE 6TH
Syracuse Storm batting - Pitching for Yellowknife Dragonblood : RHP Evan Groenevelt
Batting: LHB Rafael Longoria 0-0: Called Strike
0-1: Ball
1-1: Ball
2-1: SINGLE (Flyball, 9LS)
Batting: RHB Javier Sandoval 0-0: Sac Bunt - play at first, batter OUT! 1-3
Rafael Longoria to second
Batting: RHB Juan Perales 0-0: Intentional Walk
Batting: RHB Sadakuno Hashimoto 0-0: Foul Ball, location: 2F
0-1: Foul Ball, location: 2F
0-2: Foul Ball, location: 2F
0-2: Ball
1-2: Strikes out swinging
Batting: SHB Franck Kooijmans 0-0: Ground out U3 (Groundball, 3L)
Bottom of the 6th over - 0 runs, 1 hit, 0 errors, 2 left on base; Yellowknife 0 - Syracuse 3
TOP OF THE 7TH
Yellowknife Dragonblood batting - Pitching for Syracuse Storm : LHP Onson Sweemey
Batting: RHB Gonzalo Vásquez 0-0: Ball
1-0: Fly out, F8 (Flyball, 8RM)
Batting: SHB Jim Dunleavy 0-0: Foul Ball, location: 2F
0-1: DOUBLE (Groundball, 5L)
Batting: RHB Víctor Murguia 0-0: Ground out 5-3 (Groundball, 5S)
Jim Dunleavy to third
Batting: RHB Melvin Thomas 0-0: Ball
1-0: Ground out 4-3 (Groundball, 4)
Top of the 7th over - 0 runs, 1 hit, 0 errors, 1 left on base; Yellowknife 0 - Syracuse 3
BOTTOM OF THE 7TH
Syracuse Storm batting - Pitching for Yellowknife Dragonblood : RHP Evan Groenevelt
Batting: RHB José García 0-0: Called Strike
0-1: Foul Ball, location: 2F
0-2: SINGLE (Groundball, 34D)
Batting: RHB Vince Staples 0-0: Ball
1-0: Fly out, F7 (Flyball, 7)
Batting: RHB Sylvester Robinson 0-0: SINGLE (Flyball, 5D)
José García to second
Batting: LHB Gidde Collin 0-0: Ball
1-0: Foul Ball, location: 2F
1-1: Foul Ball, location: 2F
1-2: Strikes out swinging
Pitching: RHP Van Lapointe
Batting: LHB Rafael Longoria 0-0: Fly out, F6 (Line Drive, 6M)
Bottom of the 7th over - 0 runs, 2 hits, 0 errors, 2 left on base; Yellowknife 0 - Syracuse 3
TOP OF THE 8TH
Yellowknife Dragonblood batting - Pitching for Syracuse Storm : LHP Onson Sweemey
Batting: SHB Lai-hsiang Loh 0-0: Called Strike
0-1: Ball
1-1: Ball
2-1: DOUBLE (Popup, 6MD)
Batting: RHB Craig Greene 0-0: Swinging Strike
0-1: Ball
1-1: Fly out, F9 (Flyball, 9LSF)
Batting: RHB Andy Garnet 0-0: Fly out, F4 (Line Drive, 4MD)
Batting: LHB Takahiro Suzuki 0-0: Foul Ball, location: 2F
0-1: Foul Ball, location: 2F
0-2: Ball
1-2: Ground out U3 (Groundball, 34)
Top of the 8th over - 0 runs, 1 hit, 0 errors, 1 left on base; Yellowknife 0 - Syracuse 3
BOTTOM OF THE 8TH
Syracuse Storm batting - Pitching for Yellowknife Dragonblood : RHP Van Lapointe
Batting: RHB Javier Sandoval 0-0: Ball
1-0: Called Strike
1-1: Ball
2-1: Called Strike
2-2: Foul Ball, location: 2F
2-2: Foul Ball, location: 2F
2-2: Strikes out swinging
Batting: RHB Juan Perales 0-0: Ball
1-0: Called Strike
1-1: Ball
2-1: Foul Ball, location: 2F
2-2: Foul Ball, location: 2F
2-2: Ball
3-2: Base on Balls
Batting: RHB Sadakuno Hashimoto 0-0: Called Strike
0-1: Swinging Strike
0-2: Ball
1-2: SINGLE (Flyball, 8LS)
Juan Perales to second
Batting: SHB Franck Kooijmans 0-0: Called Strike
0-1: Called Strike
0-2: Foul Ball, location: 2F
0-2: Strikes out swinging
Batting: RHB José García 0-0: Called Strike
0-1: Swinging Strike
0-2: Foul Ball, location: 2F
0-2: Foul Ball, location: 2F
0-2: Strikes out swinging
Bottom of the 8th over - 0 runs, 1 hit, 0 errors, 2 left on base; Yellowknife 0 - Syracuse 3
TOP OF THE 9TH
Yellowknife Dragonblood batting - Pitching for Syracuse Storm : LHP Onson Sweemey
Batting: RHB Fernando González 0-0: Ball
1-0: Foul Ball, location: 2F
1-1: SINGLE (Line Drive, 8LS)
Batting: RHB Gonzalo Vásquez 0-0: Called Strike
0-1: Foul Ball, location: 2F
0-2: Ground out 4-3 (Groundball, 4MD)
Fernando González to second
Batting: SHB Jim Dunleavy 0-0: Called Strike
0-1: Foul Ball, location: 2F
0-2: Strikes out looking
Batting: RHB Víctor Murguia 0-0: Called Strike
0-1: Swinging Strike
0-2: SINGLE (Groundball, 34D)
Fernando González to third
Batting: RHB Melvin Thomas 0-0: Fielders Choice at 2nd, 5-4 (Groundball, 5L)
Top of the 9th over - 0 runs, 2 hits, 0 errors, 2 left on base; Yellowknife 0 - Syracuse 3
Tuesday, June 12th, 2018 - OOTP Baseball 18.8 Build 76